 Dungeon Crawl Stone Soup version 0.20-a0-792-g09bcfd3 (webtiles) character file.

19 nono the Chucker (level 2, -1/15 HPs)
             Began as a Vine Stalker Hunter on Feb 28, 2017.
             Slain by a hound (3 damage)
             ... on level 4 of the Dungeon.
             The game lasted 00:03:45 (521 turns).

nono the Chucker (Vine Stalker Hunter)               Turns: 521, Time: 00:03:46

Health: -1/15      AC:  3    Str: 14    XL:     2   Next: 75%
Magic:  0/3        EV: 12    Int: 11    God:
Gold:   49         SH:  0    Dex: 14    Spells: 1/1 levels left

rFire    . . .     SeeInvis .   k - +3 dagger
rCold    . . .     Gourm    .   b - +0 leather armour
rNeg     . . .     Faith    .   (no shield)
rPois    .         Spirit   +   (no helmet)
rElec    .         Reflect  .   (no cloak)
rCorr    .         Harm     .   (no gloves)
MR       .....                  (no boots)
Stlth    ++........             (no amulet)
Regen    0.1/turn               (no ring)
MPRegen  0.1/turn               (no ring)

@: no status effects
A: fangs 2, magic shield, antimagic bite, no potion heal 3, rot immunity
a: no special abilities


You were on level 4 of the Dungeon.
You were not hungry.

You visited 1 branch of the dungeon, and saw 4 of its levels.

You collected 49 gold pieces.

Inventory:

Hand Weapons
 a - a +0 short sword
 k - a +3 dagger (weapon)
Missiles
 c - 6 javelins (quivered)
Armour
 b - a +0 leather armour (worn)
Scrolls
 h - a scroll of fear {unknown}
 i - a scroll of identify {unknown}
 j - a scroll of fog {unknown}
 m - 3 scrolls of remove curse {unknown}
Potions
 e - 2 potions of curing {unknown}
 g - a potion of cancellation {unknown}
 n - 2 potions of degeneration {unknown}
 o - a potion of resistance {unknown}
 p - a potion of agility {unknown}
 r - a potion of lignification {unknown}
Comestibles
 f - 2 bread rations
 l - a meat ration
 q - a royal jelly


   Skills:
 + Level 2.2 Fighting
 + Level 1.4 Short Blades
 - Level 3.6 Throwing
 - Level 1.5 Dodging
 - Level 1.2 Stealth


You had one spell level left.
You didn't know any spells.

Dungeon Overview and Level Annotations

Branches:
Dungeon (4/15)
 Temple: D:4-7

Altars:
Cheibriados

Annotations:
D:4 Yehuk's ghost, amateur HaHu


Innate Abilities, Weirdness & Mutations

You have extremely sharp teeth.
When hurt, damage is shared between your health and your magic reserves.
Your bite disrupts and absorbs the magic of your enemies.
Potions cannot restore your health.
You are immune to rotting.


Message History

You throw a throwing net.
The throwing net closely misses the hound.
The hound barks!
Fire/throw which item? (* to show all) (? for menu, Esc to quit)
Press: ? - help, Shift-Dir - straight line, f/p - hound
Aim: a hound You throw a throwing net.
The throwing net hits the hound.
The hound is caught in the net!
The hound struggles against the net.
The hound struggles against the net. x2
The net rips apart, and the hound comes free!
You hit the hound.
The hound is moderately wounded.
The hound closely misses you.
You hit the hound but do no damage. Your bite misses the hound.
The hound is moderately wounded.
The hound closely misses you.
You hit the hound.
The hound is heavily wounded.
The hound bites you.
You die...

#.......#
#.......#
#.......#
#...W...#
#.......#
###>....##
(......##
#h.......
#@.......
#<.......
#........
###...###
...# .....
.....
..... .)..


You could see a hound and Yehuk's ghost.

Vanquished Creatures
  A dart slug (D:3)
  2 bats (D:2)
  3 goblins
  3 hobgoblins
  2 quokkas
  2 frilled lizards
  4 rats
17 creatures vanquished.

Notes
Turn   | Place    | Note
-------+----------+-------------------------------------------
     0 | D:1      | nono the Vine Stalker Hunter began the quest for the Orb.
     0 | D:1      | Reached XP level 1. HP: 11/11 MP: 2/2
   278 | D:2      | Reached skill level 1 in Short Blades
   279 | D:2      | Reached XP level 2. HP: 15/15 MP: 1/3
   363 | D:3      | Found a snail-covered altar of Cheibriados.
   486 | D:4      | Noticed Yehuk's ghost (amateur HaHu)
   521 | D:4      | Slain by a hound

Vault maps used:
D:1:      lemuel_arrival_tunnels
D:2:      kennysheep_boxes
D:3:      lemuel_coloured_pillars_altar, kennysheep_slug_shrine,
          kennysheep_generic_room_4, uniq_natasha, uniq_terence
D:4:      led_sif_pool, serial_shops, shop, first_bread,
          nemelex_dance_club_becter

Skill      XL: |  1 |
---------------+----+-----
Fighting       | 2 |  2.2
Short Blades   | 1 |  1.4
Throwing       | |  3.6
Dodging        | |  1.5
Stealth        | |  1.2

Action                   || total
-------------------------++-------
Melee: Short sword       ||    15
       Dagger            ||    31
       Bite              ||     6
Throw: Javelin           ||     4
       Throwing net      ||     2
Armor: Leather armour    ||    10
Dodge: Dodged            ||    26
